 Dungeon Crawl Stone Soup version 0.31-a0-187-gba352fbbf7 (webtiles) character file.

Game seed: 18195299648882762301

2467025 abessonov the Minotaur Barricade (level 26, 212/212 HPs)
             Began as a Minotaur Chaos Knight on June 20, 2023.
             Was the Champion of Hepliaklqana.
             Escaped with the Orb
             ... and 4 runes on June 22, 2023!
             The game lasted 05:13:11 (63675 turns).

abessonov the Minotaur Barricade (MiCK)            Turns: 63675, Time: 05:13:11

Health: 212/212    AC: 41    Str: 35    XL:     26   Next: 88%
Magic:  25/27      EV: 18    Int: 20    God:    Hepliaklqana [******]
Gold:   9104       SH: 29    Dex: 21    Spells: 25/25 levels left

rFire   + + .        X - +6 broad axe of the Shifting Coward {drain, rF- Str+3 Int+3 Dex+3}
rCold   + . .        e - +2 tower shield {rC+ rF+}
rNeg    . . .        p - +6 plate armour {rF+}
rPois   .            R - +3 hat of Pondering {ponderous, Will+ MP+10 Int+5}
rElec   .            h - +2 cloak "Woheaf" {Regen+ Int-3 Dex+5}
rCorr   .            n - +0 pair of gloves "Quodeg" {Rampage SInv}
SInv    +            K - +2 pair of boots {Fly}
Will    ++...        D - amulet of regeneration
Stlth   +            T - ring "Puyzxy" {Str+3 Int+6 Dex+3 Slay+5 Stlth-}
HPRegen 2.15/turn    A - +6 ring of strength
MPRegen 0.20/turn

%: random rage (3%), rampage
@: flying, studying 2 skills, slow
A: reduced essence, horns 2, retaliatory headbutt, berserk 1, clumsy 2, fire
resistance 1, frail 1, low MP 2, screaming 2, weak 1, subdued magic 1, inability
to read after injury 1, sturdy frame 1
0: Orb of Zot
}: 4/15 runes: serpentine, barnacled, slimy, silver
a: Renounce Religion, Recall Ancestor, Ancestor Identity, Transference, Idealise


You escaped.
You worshipped Hepliaklqana.
Hepliaklqana was exalted by your worship.
You visited 13 branches of the dungeon, and saw 56 of its levels.
You visited the Abyss 1 time.
You also visited: Gauntlet.

You collected 9983 gold pieces.
You spent 879 gold pieces at shops.

Inventory:

Hand Weapons
 s - the +16 obsidian axe {drain, demonic, Mesm Drain Fly SInv}
   (You found it on level 3 of the Vaults)

   Mesm:      Its wielder is mesmerised by any visible foes, and it cannot be
   unequipped while any foes are visible.
   SInv:      It lets you see invisible.
   Fly:       It grants you flight.
   Drain:     It drains your maximum health when unequipped.
 M - a +6 heavy war axe
 X - the +6 broad axe of the Shifting Coward (weapon) {drain, rF- Str+3 Int+3 Dex+3}
   (You acquired it on level 5 of the Realm of Zot)

   Str:       It affects your strength (+3).
   Int:       It affects your intelligence (+3).
   Dex:       It affects your dexterity (+3).
   rF:        It makes you vulnerable to fire.
 Y - a +9 war axe of electrocution
Missiles
 b - 10 silver javelins (quivered)
 d - 24 poisoned darts
 V - 16 curare-tipped darts
Armour
 e - a +2 tower shield of resistance (worn)
 f - the +4 dragonskin cloak
   (You took it off Tiamat on level 4 of the Realm of Zot)

   Avatar's Aegis: It grants the wearer a chance to resist fire, cold, poison,
   electricity, acid, and negative energy.
 h - the +2 cloak "Woheaf" (worn) {Regen+ Int-3 Dex+5}
   (You found it in a Gauntlet)

   Int:       It affects your intelligence (-3).
   Dex:       It affects your dexterity (+5).
   Regen:     It increases your rate of health regeneration.
 n - the +0 pair of gloves "Quodeg" (worn) {Rampage SInv}
   (You found it on level 14 of the Dungeon)

   SInv:      It lets you see invisible.
   Rampage:   It bestows one free step when moving towards enemies.
 p - a +6 plate armour of fire resistance (worn)
 K - a +2 pair of boots of flying (worn)
 R - the +3 hat of Pondering (worn) {ponderous, Will+ MP+10 Int+5}
   (You found it on level 3 of the Depths)

   Int:       It affects your intelligence (+5).
   MP:        It affects your magic capacity (+10).
   Will:      It increases your willpower.
Jewellery
 c - the ring "Iliat" {Will+ Str-3 Int+2 Slay+2 SInv}
   (You took it off a deep elf annihilator on level 3 of the Depths)

   [ring of see invisible]

   Str:       It affects your strength (-3).
   Int:       It affects your intelligence (+2).
   Slay:      It affects your accuracy & damage with ranged weapons and melee
   (+2).
   SInv:      It lets you see invisible.
   Will:      It increases your willpower.
 r - the ring of Tyrau {rPois rF++ Int+6 Dex+5}
   (You found it on level 5 of the Vaults)

   [ring of intelligence]

   Int:       It affects your intelligence (+6).
   Dex:       It affects your dexterity (+5).
   rF:        It greatly protects you from fire.
   rPois:     It protects you from poison.
 A - a +6 ring of strength (right hand)
 B - a ring of willpower
 D - an amulet of regeneration (around neck)
 E - the ring of Ibeabad {Ice Will+ Str+5 Int-4}
   (You found it on level 5 of the Pits of Slime)

   [ring of ice]

   It enhances your ice magic.
   Str:       It affects your strength (+5).
   Int:       It affects your intelligence (-4).
   rF:        It makes you vulnerable to fire.
   rC:        It protects you from cold.
   Will:      It increases your willpower.
 T - the ring "Puyzxy" (left hand) {Str+3 Int+6 Dex+3 Slay+5 Stlth-}
   (You took it off a fire giant on level 3 of the Depths)

   [ring of intelligence]

   Str:       It affects your strength (+3).
   Int:       It affects your intelligence (+6).
   Dex:       It affects your dexterity (+3).
   Slay:      It affects your accuracy & damage with ranged weapons and melee
   (+5).
   Stlth:     It makes you less stealthy.
Wands
 k - a wand of acid (57)
 z - a wand of charming (66)
 C - a wand of digging (6)
 H - a wand of flame (84)
 P - a wand of mindburst (35)
 Q - a wand of polymorph (42)
Scrolls
 j - 9 scrolls of teleportation
 m - 2 scrolls of amnesia
 t - 14 scrolls of fog
 v - 2 scrolls of blinking
 y - 13 scrolls of fear
 N - 3 scrolls of brand weapon
 U - 9 scrolls of revelation
 W - 4 scrolls of summoning
 Z - 2 scrolls of silence
Potions
 a - a potion of heal wounds
 g - 4 potions of ambrosia
 i - 4 potions of berserk rage
 l - 19 potions of curing
 q - a potion of mutation
 u - 5 potions of magic
 x - 4 potions of cancellation
 F - 10 potions of haste
 I - 3 potions of resistance
 J - 9 potions of invisibility
 L - 8 potions of lignification
 O - 4 potions of might
Miscellaneous
 o - the horn of Geryon
 w - a sack of spiders
 G - a condenser vane


   Skills:
 O Level 27 Fighting
 O Level 27 Axes
 + Level 4.8 Throwing
 O Level 27 Armour
 + Level 12.4 Dodging
 + Level 16.7 Stealth
 O Level 27 Shields
 + Level 0.2 Unarmed Combat
 + Level 2.5 Evocations


You had 25 spell levels left.
You didn't know any spells.
Your spell library contained the following spells:

 Spells                   Type           Power      Damage    Failure   Level
 Beastly Appendage        Tmut           0%         N/A       32%         1
 Foxfire                  Conj/Fire      0%         2x1d4     32%         1
 Freeze                   Ice            0%         1d3       32%         1
 Kiss of Death            Conj/Necr      0%         2d5       32%         1
 Magic Dart               Conj           0%         1d3       32%         1
 Necrotise                Necr           0%         1d4       32%         1
 Shock                    Conj/Air       0%         1d3       32%         1
 Slow                     Hex            0%         N/A       32%         1
 Sting                    Tmut/Pois      0%         1d3       32%         1
 Summon Small Mammal      Summ           0%         N/A       32%         1
 Blink                    Tloc           0%         N/A       45%         2
 Call Imp                 Summ           0%         N/A       45%         2
 Ensorcelled Hibernation  Hex/Ice        0%         N/A       45%         2
 Lesser Beckoning         Tloc           0%         N/A       45%         2
 Poisonous Vapours        Pois/Air       0%         N/A       45%         2
 Searing Ray              Conj           0%         2d4       45%         2
 Static Discharge         Conj/Air       0%         2-2/arc   45%         2
 Sublimation of Blood     Necr           0%         N/A       45%         2
 Call Canine Familiar     Summ           0%         N/A       71%         3
 Confusing Touch          Hex            0%         N/A       71%         3
 Dazzling Flash           Conj/Hex       0%         N/A       71%         3
 Frozen Ramparts          Ice            0%         1d1       71%         3
 Gell's Gravitas          Tloc           0%         N/A       71%         3
 Hailstorm                Conj/Ice       0%         3d3       71%         3
 Ignite Poison            Fire/Tmut/Pois 0%         N/A       71%         3
 Inner Flame              Hex/Fire       0%         N/A       71%         3
 Mephitic Cloud           Conj/Pois/Air  0%         N/A       71%         3
 Ozocubu's Armour         Ice            0%         N/A       71%         3
 Portal Projectile        Hex/Tloc       0%         N/A       71%         3
 Stone Arrow              Conj/Erth      0%         3d7       71%         3
 Summon Guardian Golem    Hex/Summ       0%         N/A       71%         3
 Teleport Other           Tloc           0%         N/A       71%         3
 Tukima's Dance           Hex            0%         N/A       71%         3
 Vhi's Electric Charge    Tloc/Air       0%         N/A       71%         3
 Volatile Blastmotes      Fire/Tloc      0%         2d10      71%         3
 Airstrike                Air            0%         2d(0-16)  98%         4
 Anguish                  Hex/Necr       0%         N/A       98%         4
 Animate Armour           Summ/Erth      0%         N/A       98%         4
 Animate Dead             Necr           0%         N/A       98%         4
 Cause Fear               Hex            0%         N/A       98%         4
 Dispel Undead            Necr           0%         3d6       98%         4
 Fulminant Prism          Conj/Hex       0%         3d5       98%         4
 Ice Form                 Ice/Tmut       0%         N/A       98%         4
 Iskenderun's Mystic Bla  Conj/Tloc      0%         2d3       98%         4
 Leda's Liquefaction      Hex/Erth       0%         N/A       98%         4
 Manifold Assault         Tloc           0%         N/A       98%         4
 Olgreb's Toxic Radiance  Pois           0%         N/A       98%         4
 Passage of Golubria      Tloc           0%         N/A       98%         4
 Petrify                  Tmut/Erth      0%         N/A       98%         4
 Sticky Flame             Conj/Fire      0%         2d3       98%         4
 Summon Ice Beast         Ice/Summ       0%         N/A       98%         4
 Summon Lightning Spire   Summ/Air       0%         N/A       98%         4
 Alistair's Intoxication  Tmut/Pois      0%         N/A       100%        5
 Arcjolt                  Conj/Air       0%         1d10      100%        5
 Blade Hands              Tmut           0%         N/A       100%        5
 Borgnjor's Vile Clutch   Necr/Erth      0%         N/A       100%        5
 Fireball                 Conj/Fire      0%         3d3       100%        5
 Iskenderun's Battlesphe  Conj           0%         2d6       100%        5
 Lee's Rapid Deconstruct  Erth           0%         3d4*      100%        5
 Metabolic Englaciation   Hex/Ice        0%         N/A       100%        5
 Silence                  Hex/Air        0%         N/A       100%        5
 Summon Mana Viper        Hex/Summ       0%         N/A       100%        5
 Yara's Violent Unravell  Hex/Tmut       0%         3d3       100%        5
 Conjure Ball Lightning   Conj/Air       0%         3x3d6     100%        6
 Death Channel            Necr           0%         N/A       100%        6
 Dispersal                Tloc           0%         N/A       100%        6
 Eringya's Noxious Bog    Tmut/Pois      0%         N/A       100%        6
 Leda's Unmaking          Conj/Erth      0%         9d1       100%        6
 Plasma Beam              Fire/Air       0%         2x1d10    100%        6
 Simulacrum               Ice/Necr       0%         N/A       100%        6
 Starburst                Conj/Fire      0%         6d3       100%        6
 Statue Form              Tmut/Erth      0%         N/A       100%        6
 Enfeeble                 Hex            0%         N/A       100%        7
 Monstrous Menagerie      Summ           0%         N/A       100%        7
 Orb of Destruction       Conj           0%         9d5       100%        7
 Ozocubu's Refrigeration  Ice            0%         4d7       100%        7
 Spellforged Servitor     Conj/Summ      0%         N/A       100%        7
 Storm Form               Tmut/Air       0%         N/A       100%        7
 Discord                  Hex            0%         N/A       100%        8
 Disjunction              Tloc           0%         N/A       100%        8
 Ignition                 Fire           0%         3d3       100%        8
 Lehudib's Crystal Spear  Conj/Erth      0%         10d2      100%        8
 Maxwell's Capacitive Co  Air            0%         ∞         100%        8
 Polar Vortex             Ice            0%         N/A       100%        9


Dungeon Overview and Level Annotations

Branches:
Dungeon (15/15)            Temple (1/1) D:4            Lair (5/5) D:8
 Shoals (4/4) Lair:3        Snake (4/4) Lair:3        Slime (5/5) Lair:5
    Orc (2/2) D:10            Elf (3/3) Orc:2        Vaults (5/5) D:14
  Crypt (2/3) Vaults:2     Depths (4/4) D:15           Hell (visited)
    Zot (5/5) Depths:4    Gauntlet (visited)
    Dis: Hell:1         Geh: Hell:1         Coc: Hell:1         Tar: Hell:1

Altars:
Ashenzari
Cheibriados
Dithmenos
Elyvilon
Fedhas
Gozag
Hepliaklqana
Kikubaaqudgha
Makhleb
Nemelex Xobeh
Okawaru
Qazlal
Ru
Sif Muna
Trog
Uskayaw
Vehumet
Wu Jian
Xom
Yredelemnul
Zin
The Shining One
Jiyva

Shops:
D:10 :   Orc:2 [(!!   Elf:1 *   Shoals:3 [   Snake:1 =   Vaults:1 ?
Vaults:3 =   Depths:1 :   Depths:3 !:   Depths:4 =:=

Portals:
Hell: Depths:1 Depths:2 Depths:3 Depths:4
Abyss: Depths:1 Depths:3 Depths:4
Pandemonium: Depths:1 Depths:2
Ziggurat: Depths:2
Trove: D:15 (give +7 demon trident)

Annotations:
Snake:1 3 runed translucent doors, Qiytos's ghost, adept MiMo
Orc:2 3 runed translucent doors, innerfire43's ghost, novice DsMo
Crypt:2 1 transporter
Depths:3 1 runed translucent door
Hell Murray
Zot:3 5 transporters


Innate Abilities, Weirdness & Mutations

Your life essence is reduced to manifest your ancestor. (-10% HP)
You have a pair of horns on your head.
You reflexively headbutt those who attack you in melee.
You sometimes lose your temper in combat.
You are very clumsy. (Dex -4)
Your flesh is heat resistant. (rF+)
You are frail. (-10% HP)
Your magical capacity is very low. (-20% MP)
You frequently scream uncontrollably at your foes.
You are weak. (Str -2)
Your spells are a little easier to cast, but a little less powerful.
You occasionally lose the ability to read scrolls when taking damage.
Your movements are slightly less encumbered by armour. (ER -2)


Message History

Natalie hits the large abomination with a +0 broad axe of speed.
You slice the Executioner!!
You kill the Executioner!
Natalie hits the large abomination with a +0 broad axe of speed!
Natalie closely misses the large abomination.
Natalie hits the large abomination with a +0 broad axe of speed.
Natalie hits the large abomination with a +0 broad axe of speed!
Natalie hits the large abomination with a +0 broad axe of speed!
The large abomination is destroyed!
Natalie hits the large abomination with a +0 broad axe of speed.
Natalie hits the large abomination with a +0 broad axe of speed!!
Natalie hits the large abomination with a +0 broad axe of speed!
Natalie hits the large abomination with a +0 broad axe of speed.
A rust devil comes into view.
You rampage towards the rust devil!
You slash the rust devil!
The rust devil is moderately wounded.
You slice the rust devil!!
You kill the rust devil!
Natalie hits the large abomination with a +0 broad axe of speed!
Natalie hits something with a +0 broad axe of speed!
You feel a bit more experienced.
Natalie blocks the large abomination's attack.
Natalie hits the large abomination with a +0 broad axe of speed.
Natalie hits the large abomination with a +0 broad axe of speed!
The large abomination hits something!
There is a stone staircase leading up here.
You fly upwards.
There is a stone staircase leading down here.
There is a stone staircase leading up here.
You fly upwards.
There is a stone staircase leading down here.
There is an escape hatch in the ceiling here.
A mysterious force pulls you upwards. The hatch slams shut behind you.
You see here a +0 club.
There is an escape hatch in the floor here.
You see here a +0 falchion.
There is a staircase leading out of the dungeon here.
Natalie is recalled.
You have escaped!

####.........#.# #.#
...........#####################
######.####.≈≈≈≈##..≈≈#.#.#....##
#......§>.)≈##.#.....#..#..#.
#..###..≈≈≈.##.####≈.#####.#.
##..###.#####..#.#.###.#.#.##.
#....##.#####..##.#..≈#.#≈#.#.
#....#..##.##....###.####.#.#.
#....#..#.#.#@R..####.#.##.##.
#.......#.#.######..#.#≈..###.
####.......###.#..#...#.#.≈##....
..........#####.##.####.##..≈###.
####.......##.##≈.##...###.≈.≈##.
#..........##.#..#..###.#.≈#..##.
#.##.####..###.##..##..##...##...
#.##.# #..###.##################
.....# #......# #...#


You could see the friendly Natalie the knight (reflecting).

Vanquished Creatures
  the Royal Jelly (Slime:5)
  Tiamat (Zot:4)
  4 orbs of fire (Zot:5)
  An ancient lich (Zot:5)
  Vv (Depths:4)
  6 Killer Klowns
  Geryon (Hell)
  9 golden dragons
  A bone dragon (Depths:4)
  5 electric golems
  16 tentacled monstrosities
  4 liches
  A walking earthen tome (Depths:2)
  24 Orb Guardians
  A deep elf blademaster (Elf:3)
  10 titans
  A walking frostbound tome (Depths:3)
  3 deep elf master archers (Elf:3)
  12 quicksilver dragons
  7 death cobs
  3 Executioners
  An ancient champion (Crypt:2)
  Polyphemus (Shoals:3)
  4 sphinxes
  18 acid blobs
  5 tengu reavers
  Donald (Crypt:1)
  Roxanne (D:15)
  Ilsuiw (Shoals:3)
  6 nagarajas
  7 draconian monks
  9 shadow dragons
  15 storm dragons
  8 azure jellies
  12 rockslimes (Slime:5)
  11 frost giants
  8 fire giants
  5 draconian knights
  11 vault wardens
  7 deep elf sorcerers (Elf:3)
  4 draconian scorchers
  An iron dragon (Vaults:5)
  3 ghost moths (Zot:3)
  A curse skull (Crypt:2)
  A reaper (Depths:4)
  5 draconian shifters
  4 draconian annihilators
  2 ghouls (Crypt:1)
  2 spriggan defenders (Depths:3)
  17 ironbound preservers
  3 orc warlords
  4 deep elf elementalists
  2 draconian stormcallers (Zot:5)
  13 stone giants
  13 formless jellyfish
  13 quicksilver oozes
  23 very ugly things
  2 war gargoyles
  4 vampire knights
  3 ironbound thunderhulks
  3 deep elf demonologists (Elf:3)
  A rockslime zombie (Crypt:2)
  Nessos (D:12)
  The ghost of pokeman the Eclecticist, a journeyman DEHW of Vehumet (Lair:4)
  18 dire elephants
  7 deep elf annihilators
  8 yellow draconians
  7 green draconians
  11 red draconians
  6 spark wasps
  9 purple draconians
  A minotaur (Gauntlet)
  4 white draconians
  5 black draconians
  2 blizzard demons
  The ghost of Pusk the Fighter, a journeyman GrFi of Qazlal (D:11)
  6 deep elf death magi
  3 merfolk javelineers
  12 ettins
  3 fire dragons
  5 jiangshi
  6 merfolk impalers
  5 deep elf high priests
  16 yaktaur captains
  6 great orbs of eyes
  A quicksilver dragon skeleton (Crypt:1)
  An entropy weaver (Vaults:2)
  5 rakshasas
  4 salamander tyrants (Snake:4)
  3 peacekeepers
  29 vault guards
  A spectral tengu (D:15)
  11 ironbound frosthearts
  3 hydras
  6 ice dragons
  2 death knights
  A boulder beetle (D:15)
  A catoblepas (Lair:5)
  A hell beast (Depths:4)
  4 two-headed ogres
  6 centaur warriors
  3 ogre magi
  17 naga warriors
  A satyr (Shoals:2)
  A spectral fire giant (D:15)
  Erica (D:8)
  4 spriggan air magi
  24 dancing weapons
  The ghost of Keluf the Fighter, a journeyman GrFi of the Shining One (D:15)
  4 anacondas
  An anaconda (shapeshifter) (Vaults:5)
  11 deep troll shamans
  2 alligator snapping turtles (Shoals:4)
  9 tengu warriors
  7 deep troll earth magi
  3 vampire magi (Crypt:1)
  9 merfolk aquamancers
  Urug (Lair:5)
  15 death yaks
  3 spriggan berserkers
  A hell hog (Depths:4)
  An orc high priest (Orc:2)
  9 shock serpents
  2 spriggans
  12 naga sharpshooters
  12 hell knights
  2 titan skeletons
  5 iron trolls
  A soul eater (Crypt:1)
  Nergalle (Lair:1)
  10 deep elf knights
  2 sun demons (Depths:4)
  An iron troll (shapeshifter) (Depths:3)
  4 skysharks
  A salamander mystic (Snake:4)
  A shadow wraith (D:15)
  3 sixfirhies (Gauntlet)
  10 skeletal warriors
  A storm dragon skeleton (Crypt:2)
  7 sea snakes
  43 deep trolls
  A glowing orange brain (Depths:1)
  5 flayed ghosts
  A swamp dragon (shapeshifter) (Vaults:5)
  15 harpies
  7 naga ritualists
  17 ironbound convokers
  7 wizards
  The ghost of Unforgiven the Cudgeller, a novice GrFi (D:6)
  3 phantasmal warriors
  A deep elf archer (Elf:2)
  19 deep elf zephyrmancers
  4 necromancers
  7 orc knights
  15 deep elf pyromancers
  An orange crystal statue (Depths:1)
  10 mana vipers
  A jorogumo zombie (Crypt:2)
  An oklob plant (Lair:5)
  13 lindwurms
  4 tengu skeletons
  7 shining eyes
  6 orc sorcerers
  A manticore (shapeshifter) (Vaults:5)
  7 manticores
  2 shining eyes (shapeshifter)
  38 ugly things
  2 fauns (shapeshifter)
  18 elephants
  4 fauns (Shoals:2)
  4 cyclopes
  5 human skeletons
  5 salamanders
  6 merfolk sirens
  37 black mambas
  14 moths of wrath
  2 rust devils
  23 vault sentinels
  A water nymph (shapeshifter) (D:14)
  4 guardian serpents (Snake:4)
  Joseph (D:9)
  A gargoyle (D:14)
  3 eyes of devastation
  18 naga magi
  An orange demon (D:9)
  7 water nymphs
  Maggie (D:7)
  2 torpor snails
  A komodo dragon (shapeshifter) (Elf:1)
  A hellion (Zot:2)
  10 cane toads
  A rime drake (shapeshifter) (D:5)
  8 rime drakes
  8 komodo dragons
  A guardian mummy (D:15)
  A red devil (Depths:2)
  A tormentor (Depths:2)
  A yaktaur skeleton (Vaults:2)
  A red draconian skeleton (Crypt:2)
  22 yaktaurs
  3 efreet
  5 freezing wraiths
  3 tengu conjurers
  2 polar bears (Lair:5)
  26 merfolk
  2 hornets
  7 trolls
  A wind drake (Shoals:1)
  A mana viper skeleton (Crypt:2)
  The ghost of deremet the Chiller, an amateur MfIE (D:6)
  23 blink frogs
  2 tarantellas (Vaults:2)
  16 dream sheep
  7 snapping turtles
  A slime creature (shapeshifter) (Vaults:5)
  83 slime creatures
  7 centaur simulacra
  3 flying skulls (Crypt:1)
  3 vampires
  A shadow (D:12)
  5 wraiths
  18 water elementals
  3 air elementals (Elf:3)
  A spriggan (shapeshifter) (Vaults:5)
  3 ettin skeletons (Vaults:2)
  9 wyverns
  32 yaks
  4 golden eyes
  2 fire elementals
  A neqoxec (Depths:2)
  3 basilisks
  5 steam dragons
  11 vampire mosquitoes
  A redback simulacrum (Gauntlet)
  3 elf skeletons (Vaults:2)
  A redback (Vaults:2)
  2 wargs
  16 water moccasins
  Menkaure (D:4)
  A glowing shapeshifter zombie (Depths:1)
  41 nagas
  3 acid dragons
  A floating eye (Slime:5)
  3 glowing shapeshifter skeletons
  2 sky beasts
  2 demonspawn skeletons
  3 ice beasts
  34 orc warriors
  7 black bears
  8 ogres
  18 wolves
  18 centaurs
  A phantom (D:6)
  A komodo dragon zombie (Crypt:2)
  3 kobold brigands
  11 bullfrogs
  An earth elemental (Elf:3)
  2 necrophages (Crypt:1)
  4 scorpions
  A cane toad simulacrum (Gauntlet)
  A wyvern skeleton (Crypt:1)
  5 killer bees (D:9)
  9 howler monkeys
  A polar bear skeleton (Crypt:2)
  7 electric eels
  A wolf zombie (Crypt:1)
  A wyvern simulacrum (Gauntlet)
  Crazy Yiuf (D:2)
  20 orc priests
  3 hounds (D:5)
  3 sleepcaps (D:6)
  2 iguanas
  26 orc wizards
  A hound zombie (Crypt:1)
  A hound skeleton (Crypt:1)
  6 adders
  3 gnolls (D:4)
  3 white imps
  An ufetubus (D:7)
  2 worms (D:3)
  3 dart slugs
  76 orcs
  2 ball pythons (D:4)
  7 endoplasms
  2 giant cockroaches
  A gnoll zombie (Crypt:1)
  9 hobgoblins
  A jackal (D:1)
  23 kobolds
  4 quokkas
  12 bats
  5 frilled lizards
  6 goblins
  8 rats
1983 creatures vanquished.

Vanquished Creatures (collateral kills)
  A dread lich (Vaults:5)
  An ancient lich (Vaults:5)
  4 golden dragons
  5 tentacled monstrosities
  4 Orb Guardians
  A shard shrike skeleton (Crypt:2)
  A lich (Depths:4)
  3 titans
  A walking frostbound tome (Depths:3)
  2 quicksilver dragons
  5 acid blobs
  A deep elf master archer (Elf:3)
  A deep elf blademaster (Elf:2)
  A sphinx (Vaults:3)
  7 storm dragons
  2 tengu reavers
  2 nagarajas
  A rockslime (Slime:1)
  4 azure jellies
  2 frost giants
  4 vault wardens
  A draconian scorcher (Zot:4)
  A draconian shifter (Zot:1)
  An ironbound preserver (Vaults:5)
  A deep elf elementalist (Elf:3)
  A ghoul (Crypt:1)
  3 formless jellyfish
  3 very ugly things (Vaults:5)
  2 green draconians
  5 quicksilver oozes
  2 draconian annihilators
  A stone giant (Vaults:5)
  5 ironbound thunderhulks
  A deep elf demonologist (Vaults:5)
  2 black draconians (Zot:4)
  A purple draconian (Zot:5)
  5 red draconians
  4 yellow draconians
  An eidolon (Crypt:1)
  A merfolk impaler (Shoals:2)
  A merfolk javelineer (Shoals:4)
  2 fire dragons (Depths:2)
  A crystal guardian (Vaults:1)
  A jiangshi (Crypt:1)
  An entropy weaver (Vaults:2)
  4 salamander tyrants (Snake:4)
  2 deep elf high priests (Elf:3)
  3 great orbs of eyes
  A hydra (Lair:1)
  A quicksilver dragon skeleton (Vaults:4)
  2 ice dragons
  3 yaktaur captains
  6 vault guards (Vaults:5)
  A rakshasa (Depths:3)
  A catoblepas (Shoals:3)
  2 merfolk avatars
  An ogre mage (D:14)
  2 anacondas (Snake:2)
  A satyr (Shoals:4)
  3 ironbound frosthearts
  4 two-headed ogres
  A boulder beetle (D:13)
  A deep troll shaman (Depths:3)
  A merfolk aquamancer (Shoals:3)
  2 dancing weapons
  2 deep troll earth magi
  4 naga sharpshooters
  2 death yaks
  2 hell knights
  4 shock serpents
  3 deep elf knights
  Amaemon (D:9)
  2 skysharks
  2 deep trolls
  7 sea snakes
  A phantasmal warrior (Vaults:5)
  A deep elf archer (Elf:2)
  3 ironbound convokers
  4 wizards
  2 lindwurms
  A necromancer (Crypt:2)
  An orc knight (Vaults:4)
  4 harpies
  Pikel (D:4)
  A harpy (shapeshifter) (D:8)
  A faun (Shoals:1)
  3 deep elf pyromancers (Elf:2)
  The ghost of AwFulAwFulPlayer the Spear-Bearer, a novice GnWn of Okawaru (D:6)
  A human zombie (Crypt:2)
  A mana viper (Snake:2)
  3 shining eyes
  A shining eye (shapeshifter) (Vaults:5)
  A stone giant zombie (Depths:1)
  3 moths of wrath
  3 manticores
  4 ugly things
  A centaur zombie (Crypt:2)
  3 elephants
  5 vault sentinels
  3 merfolk sirens
  2 eyes of devastation
  7 black mambas
  2 naga magi (Snake:4)
  A water nymph (Shoals:4)
  2 cane toads (Lair:5)
  The ghost of innerfire43 the Chopper, a novice DsMo of Okawaru (D:6)
  2 rime drakes (Lair:2)
  4 yaktaurs
  2 trolls
  A wind drake (Shoals:1)
  6 merfolk
  A hornet (Depths:3)
  2 blink frogs
  A dream sheep (Shoals:4)
  2 snapping turtles
  19 slime creatures
  An iron dragon simulacrum (Depths:1)
  7 yaks
  A spriggan (Depths:3)
  2 water elementals
  3 wraiths
  A ynoxinul (Depths:2)
  A wyvern (Lair:4)
  2 golden eyes (Slime:4)
  A steam dragon (Lair:2)
  A redback (Vaults:2)
  6 nagas
  A vampire mosquito (D:15)
  An acid dragon (D:11)
  Duvessa (D:7)
  2 large abominations (D:4)
  An orc warrior (Orc:1)
  A black bear (D:7)
  2 ogres
  2 wolves
  3 centaurs
  2 necrophages (Crypt:1)
  2 bullfrogs
  Dowan (D:7)
  A shapeshifter zombie (Crypt:2)
  6 killer bees (D:9)
  A howler monkey (D:13)
  A yak skeleton (Crypt:1)
  An orc priest (D:8)
  A dart slug (D:5)
  2 orcs
  A goblin skeleton (Crypt:1)
  A fire vortex (Hell)
339 creatures vanquished.

Vanquished Creatures (others)
  A draconian annihilator (Zot:1)
  A moth of wrath (Zot:4)
  A guardian serpent (shapeshifter) (D:14)
  A rime drake (Lair:2)
  2 yaktaurs (Vaults:2)
  A blink frog (shapeshifter) (D:8)
  A yak (D:9)
  2 ancestors (Lair:3)
  28 knights
  A quokka (D:9)
39 creatures vanquished.

Grand Total: 2361 creatures vanquished

Notes
Turn   | Place    | Note
-------+----------+-------------------------------------------
     0 | D:1      | abessonov the Minotaur Chaos Knight began the quest for the
                  | Orb.
     0 | D:1      | Reached XP level 1. HP: 19/19 MP: 0/0
     2 | D:1      | XOM: divination: detect items
   107 | D:1      | Reached XP level 2. HP: 27/27 MP: 1/1
   494 | D:1      | XOM: silly message
   678 | D:2      | Reached XP level 3. HP: 34/34 MP: 2/2
   930 | D:2      | XOM: 4-stop teleportation journey
  1035 | D:2      | Found a runed translucent door.
  1036 | D:2      | Noticed Crazy Yiuf
  1046 | D:2      | Killed Crazy Yiuf
  1047 | D:2      | Reached skill level 1 in Shields
  1047 | D:2      | Reached XP level 4. HP: 40/41 MP: 3/3
  1113 | D:2      | XOM: give mutations
  1113 | D:2      | Gained mutation: You are agile. (Dex +4, Str/Int -1) [Xom's
                  | grace]
  1113 | D:2      | Gained mutation: Your muscles are strong. (Str +4, Int/Dex
                  | -1) [Xom's grace]
  1113 | D:2      | Gained mutation: Your flesh is heat resistant. (rF+) [Xom's
                  | grace]
  1113 | D:2      | Gained mutation: Your skin changes colour to match your
                  | surroundings (Stealth+). [Xom's grace]
  1244 | D:3      | Reached skill level 5 in Fighting
  1408 | D:3      | Reached skill level 5 in Axes
  1480 | D:3      | Reached XP level 5. HP: 48/48 MP: 4/4
  1530 | D:3      | XOM: snakes to sticks
  1897 | D:4      | Noticed an ogre
  1910 | D:4      | Killed an ogre
  1911 | D:4      | Reached XP level 6. HP: 56/56 MP: 5/5
  1995 | D:4      | XOM: cloud trail
  2002 | D:4      | Found a staircase to the Ecumenical Temple.
  2050 | Temple   | Entered the Ecumenical Temple
  2319 | D:4      | Noticed Pikel
  2330 | D:4      | XOM: summons 3 friendly demons
  2333 | D:4      | Killed Pikel
  2334 | D:4      | Reached skill level 1 in Stealth
  2334 | D:4      | Reached XP level 7. HP: 62/63 MP: 6/6
  2437 | D:4      | Noticed Menkaure
  2449 | D:4      | Killed Menkaure
  2450 | D:4      | Reached skill level 1 in Throwing
  2472 | D:4      | You are sucked into a shaft and drop 3 floors!
  2492 | D:7      | Found a hide-covered altar of Uskayaw.
  2584 | D:6      | Reached XP level 8. HP: 71/71 MP: 7/7
  2585 | D:6      | XOM: scenery: summon butterflies
  2595 | D:6      | Found a broken altar of Ashenzari.
  2726 | D:6      | XOM: blink monster(s)
  2727 | D:5      | Entered Level 5 of the Dungeon
  2727 | D:5      | Found a bloodstained altar of Trog.
  2729 | D:5      | XOM: confusion
  2749 | D:5      | XOM: enchant monster (bad)
  2755 | D:5      | XOM: swap monsters
  3103 | D:5      | XOM: swap monsters
  3137 | D:5      | XOM: noise
  3145 | D:5      | XOM: divine lightning
  3150 | D:5      | Reached skill level 5 in Armour
  3156 | D:5      | XOM: fog
  3161 | D:5      | a black bear changed into a shapeshifter
  3161 | D:5      | Noticed a shapeshifter (shapeshifter)
  3161 | D:5      | a shapeshifter changed into a rime drake
  3161 | D:5      | Noticed a rime drake (shapeshifter)
  3166 | D:5      | Killed a rime drake
  3167 | D:5      | Reached skill level 5 in Shields
  3167 | D:5      | Reached XP level 9. HP: 68/79 MP: 8/8
  3223 | D:5      | XOM: potion effect (brilliance)
  3313 | D:5      | Reached skill level 10 in Axes
  3394 | D:5      | XOM: god gift: 862 gold pieces
  3467 | D:5      | XOM: scenery: summon butterflies
  3471 | D:5      | XOM: give mutations
  3471 | D:5      | Gained mutation: You possess an exceptional clarity of
                  | mind. [Xom's grace]
  3471 | D:5      | Gained mutation: You have large cloven feet. [Xom's grace]
  3543 | D:5      | XOM: god gift: jewelled bone wand {god gift}
  3579 | D:5      | XOM: god gift: +2 hat
  3599 | D:5      | XOM: scenery: 2 doors close
  3729 | D:6      | Found a snail-covered altar of Cheibriados.
  3816 | D:6      | Identified the +1 cloak of Barnacled Fun {Will+}
  3921 | D:6      | XOM: 1-stop teleportation journey
  3967 | D:6      | Found a runed translucent gate.
  3967 | D:6      | Noticed Unforgiven's ghost (novice GrFi)
  3968 | D:6      | Found a runed translucent gate.
  3968 | D:6      | Found a runed translucent gate.
  3969 | D:6      | Noticed AwFulAwFulPlayer's ghost (novice GnWn)
  3969 | D:6      | Noticed deremet's ghost (amateur MfIE)
  3969 | D:6      | Noticed innerfire43's ghost (novice DsMo)
  4027 | D:6      | Found a shadowy altar of Dithmenos.
  4027 | D:6      | Found an iron altar of Okawaru.
  4027 | D:6      | Found an opulent altar of Gozag.
  4145 | D:6      | XOM: give mutations
  4145 | D:6      | Gained mutation: You have hidden genetic potential. [Xom's
                  | grace]
  4145 | D:6      | Gained mutation: You are strong-willed. (Will+) [Xom's
                  | grace]
  4145 | D:6      | Gained mutation: Your muscles are very strong. (Str +8,
                  | Int/Dex -2) [Xom's grace]
  4145 | D:6      | Gained mutation: You expend magic power (3 MP) to
                  | strengthen your wands. [Xom's grace]
  4227 | D:7      | Found a sparkling altar of Nemelex Xobeh.
  4246 | D:7      | Noticed Dowan
  4247 | D:7      | Noticed Duvessa
  4264 | D:7      | XOM: cast spell 'Summon Mana Viper'
  4264 | D:7      | Killed Duvessa
  4270 | D:7      | Killed Dowan
  4392 | D:7      | XOM: smoke on damage
  4425 | D:7      | Found an ancient bone altar of Kikubaaqudgha.
  4426 | D:7      | Found the +5 Force Lance {heavy, knockback}
  4426 | D:7      | XOM: silly message
  4512 | D:7      | Found a glowing golden altar of the Shining One.
  4569 | D:7      | Noticed Maggie
  4574 | D:7      | XOM: divination: magic mapping
  4587 | D:7      | Killed Maggie
  4596 | D:7      | XOM: torment (42/82 hp)
  4820 | D:8      | Noticed Erica
  4822 | D:8      | XOM: enchant monster (good)
  4827 | D:8      | Killed Erica
  4828 | D:8      | Reached XP level 10. HP: 91/91 MP: 9/9
  4899 | D:8      | XOM: give mutations
  4899 | D:8      | Lost mutation: Your skin changes colour to match your
                  | surroundings (Stealth+). [Xom's mischief]
  4899 | D:8      | Gained mutation: Your mind is acute. (Int +4, Str/Dex -1)
                  | [Xom's mischief]
  4905 | D:8      | Gained mutation: Your system is resistant to poisons.
                  | (rPois) [hidden potential]
  5009 | D:8      | Found a staircase to the Lair.
  5019 | D:8      | XOM: cast spell 'Death Channel'
  5064 | D:8      | Found a hazy altar of Hepliaklqana.
  5127 | D:8      | XOM: scenery: summon butterflies
  5159 | D:8      | XOM: divination: detect creatures
  5168 | D:8      | XOM: cleaving
  5175 | D:8      | XOM: cleaving
  5186 | D:8      | XOM: noise
  5199 | D:8      | XOM: summons 9 friendly demons
  5361 | D:8      | XOM: cast spell 'Dispersal'
  5365 | D:8      | Noticed a two-headed ogre
  5413 | D:8      | a two-headed ogre changed into a glowing shapeshifter
  5413 | D:8      | Noticed a glowing shapeshifter (glowing shapeshifter)
  5413 | D:8      | a glowing shapeshifter changed into an elephant
  5413 | D:8      | Noticed an elephant (glowing shapeshifter)
  5418 | D:8      | an elephant changed into a jumping spider
  5422 | D:8      | an elephant changed into a culicivora
  5423 | D:8      | a culicivora changed into a lindwurm
  5423 | D:8      | Noticed a lindwurm (glowing shapeshifter)
  5425 | D:8      | a lindwurm changed into a shock serpent
  5425 | D:8      | Noticed a shock serpent (glowing shapeshifter)
  5426 | D:8      | a shock serpent changed into a slime creature
  5430 | D:8      | a slime creature changed into a glowing orange brain
  5430 | D:8      | Noticed a glowing orange brain (glowing shapeshifter)
  5693 | D:9      | Noticed a two-headed ogre
  5696 | D:9      | XOM: summons friendly shadow imp
  5702 | D:9      | Killed a two-headed ogre
  5724 | D:9      | Found a white marble altar of Elyvilon.
  5796 | D:9      | Noticed Amaemon
  5800 | D:9      | Noticed an orange demon
  5803 | D:9      | Killed Amaemon
  5804 | D:9      | Reached XP level 11. HP: 95/99 MP: 10/10
  5808 | D:9      | Reached skill level 10 in Fighting
  5833 | D:9      | Found a sacrificial altar of Ru.
  5846 | D:9      | Gained mutation: You are partially covered in iridescent
                  | scales. (AC +2) [hidden potential]
  5846 | D:9      | Lost mutation: You have hidden genetic potential. [hidden
                  | potential expressed]
  5951 | D:9      | XOM: fog
  6022 | D:9      | XOM: summons 2 hostile shadow creatures
  6092 | D:9      | Found an ornate altar of the Wu Jian Council.
  6139 | D:9      | Noticed Joseph
  6184 | D:9      | XOM: god gift: great sword {god gift}
  6198 | D:9      | Killed Joseph
  6304 | D:9      | Noticed a two-headed ogre
  6307 | D:9      | XOM: enchant monster (good)
  6318 | D:9      | XOM: enchant monster (good)
  6321 | D:9      | XOM: potion effect (invisibility)
  6345 | D:9      | Killed a two-headed ogre
  6461 | D:10     | Entered Level 10 of the Dungeon
  6563 | D:10     | Found a glowing silver altar of Zin.
  6564 | D:10     | XOM: noise
  6581 | D:10     | Found a staircase to the Orcish Mines.
  6630 | D:10     | XOM: silly message
  6632 | D:10     | XOM: chaos upgrade
  6655 | D:10     | XOM: god gift: 38 gold pieces
  6688 | D:10     | Found Peluzem's Book Shoppe.
  6689 | D:10     | Fell from the grace of Xom
  7265 | D:10     | Noticed a stone giant
  7278 | D:10     | Killed a stone giant
  7413 | D:10     | XOM: stat loss: -1 Dex (10/11)
  7441 | D:10     | Noticed a two-headed ogre
  7448 | D:10     | Killed a two-headed ogre
  7481 | D:10     | XOM: summons 4 hostile demons
  7482 | D:10     | Noticed a soul eater
  7482 | D:10     | Noticed a soul eater
  7484 | D:10     | Lost mutation: Your muscles are very strong. (Str +8,
                  | Int/Dex -2) [a neqoxec]
  7699 | Orc:1    | Entered Level 1 of the Orcish Mines
  7750 | Orc:1    | Noticed an orc knight
  7751 | Orc:1    | Noticed an orc sorcerer
  7751 | Orc:1    | Noticed an orc knight
  7770 | D:10     | Killed an orc knight
  7795 | D:10     | Killed an orc sorcerer
  7845 | Orc:1    | XOM: scenery: create altars
  7901 | Orc:1    | Killed an orc knight
  8113 | Orc:2    | Entered Level 2 of the Orcish Mines
  8113 | Orc:2    | Found a staircase to the Elven Halls.
  8161 | Orc:2    | Found Xuqoang's Distillery.
  8201 | Orc:2    | Bought a potion of curing for 45 gold pieces
  8201 | Orc:2    | Bought a potion of heal wounds for 75 gold pieces
  8201 | Orc:2    | Bought a potion of heal wounds for 75 gold pieces
  8201 | Orc:2    | Bought a potion of invisibility for 120 gold pieces
  8297 | Orc:2    | Reached XP level 12. HP: 108/108 MP: 11/11
  8391 | Orc:2    | Reached skill level 10 in Armour
  8437 | Orc:2    | Found a runed translucent gate.
  8437 | Orc:2    | Noticed innerfire43's ghost (novice DsMo)
  8438 | Orc:2    | Found a runed translucent gate.
  8441 | Orc:2    | Found a runed translucent gate.
  8505 | Orc:2    | Found Rawitim's Distillery.
  8554 | Orc:2    | Noticed an orc high priest
  8561 | Orc:2    | Killed an orc high priest
  8595 | Orc:2    | Noticed an orc warlord
  8603 | Orc:2    | Reached skill level 15 in Axes
  8707 | Orc:2    | Found a gate leading to a gauntlet.
  8716 | Gauntlet | Entered a Gauntlet
  8716 | Gauntlet | Found a transporter.
  8725 | Gauntlet | Found a transporter.
  8740 | Gauntlet | Found a transporter.
  8746 | Gauntlet | Found a transporter.
  8750 | Gauntlet | Found the +1 cloak of Starlight {*Dazzle EV+4 Stlth--}
  8772 | Gauntlet | Found a transporter.
  8781 | Gauntlet | Found a transporter.
  8793 | Gauntlet | Found a transporter.
  8801 | Gauntlet | Found a large runed translucent door.
  8801 | Gauntlet | Noticed a blizzard demon
  8802 | Gauntlet | Found a large runed translucent door.
  8803 | Gauntlet | Found a large runed translucent door.
  8804 | Gauntlet | Found a runed translucent gate.
  8805 | Gauntlet | Found a transporter.
  8805 | Gauntlet | Found a runed translucent gate.
  8805 | Gauntlet | Found a large runed translucent door.
  8806 | Gauntlet | Found a runed translucent gate.
  8807 | Gauntlet | Found a large runed translucent door.
  8807 | Gauntlet | Found a large runed translucent door.
  8808 | Gauntlet | Found a large runed translucent door.
  8809 | Gauntlet | Found a large runed translucent door.
  8817 | Gauntlet | Found a transporter.
  8829 | Gauntlet | Found a transporter.
  8846 | Gauntlet | Found a transporter.
  8863 | Gauntlet | Found a transporter.
  8865 | Gauntlet | Found a transporter.
  8898 | Gauntlet | Found a transporter.
  8898 | Gauntlet | Found a transporter.
  8900 | Gauntlet | Found a transporter.
  8923 | Gauntlet | Found a transporter.
  8931 | Gauntlet | Found a transporter.
  8931 | Gauntlet | Found a large runed translucent door.
  8932 | Gauntlet | Found a large runed translucent door.
  8936 | Gauntlet | Found a large runed translucent door.
  8936 | Gauntlet | Found a large runed translucent door.
  8945 | Gauntlet | Found a large runed translucent door.
  8945 | Gauntlet | Found a large runed translucent door.
  8945 | Gauntlet | Found a runed translucent door.
  8945 | Gauntlet | Found a runed translucent door.
  8947 | Gauntlet | Found a large runed translucent door.
  8948 | Gauntlet | Found a large runed translucent door.
  8981 | Gauntlet | Reached skill level 10 in Shields
  9008 | Gauntlet | XOM: give mutations
  9008 | Gauntlet | Gained mutation: You are robust. (+10% HP) [Xom's mischief]
  9008 | Gauntlet | Lost mutation: Your system is resistant to poisons. (rPois)
                  | [Xom's mischief]
  9008 | Gauntlet | Gained mutation: You are mostly covered in iridescent
                  | scales. (AC +4) [Xom's mischief]
  9187 | Gauntlet | Identified the +2 cloak "Woheaf" {Regen+ Int-3 Dex+5}
  9362 | Gauntlet | Noticed a minotaur
  9377 | Gauntlet | Killed a minotaur
  9448 | Orc:2    | Killed an orc warlord
  9664 | Orc:2    | Bought a potion of heal wounds for 70 gold pieces
  9664 | Orc:2    | Bought a potion of might for 56 gold pieces
  9664 | Orc:2    | Bought a potion of heal wounds for 70 gold pieces
  9750 | Orc:2    | Found Tismyg's Antique Armour Boutique.
  9753 | Orc:2    | Found Webaynua's Antique Weapon Shop.
  9963 | D:4      | XOM: summons 6 hostile demons
 10005 | D:5      | XOM: give mutations
 10005 | D:5      | Lost mutation: You are mostly covered in iridescent scales.
                  | (AC +4) [Xom's mischief]
 10005 | D:5      | Lost mutation: You have large cloven feet. [Xom's mischief]
 10093 | D:8      | Became a worshipper of Hepliaklqana the Forgotten
 10398 | Abyss:3  | Noticed a dire elephant
 10398 | Abyss:3  | Cast into level 3 of the Abyss (Xom)
 10424 | D:10     | Escaped the Abyss
 10622 | Orc:2    | XOM: draining
 10700 | Orc:1    | Noticed an ettin
 10806 | Lair:1   | Entered Level 1 of the Lair of Beasts
 10871 | Lair:1   | Noticed Nergalle
 10891 | Lair:1   | Killed Nergalle
 10941 | Lair:1   | Reached XP level 13. HP: 112/119 MP: 12/12
 11284 | Lair:1   | Reached * piety under Hepliaklqana
 11683 | Lair:2   | Reached skill level 1 in Evocations
 11814 | Lair:2   | Reached skill level 5 in Dodging
 12163 | Lair:2   | XOM: summons 2 hostile demons
 12485 | Lair:3   | Found a staircase to the Shoals.
 12977 | Lair:3   | Reached ** piety under Hepliaklqana
 13018 | Lair:3   | XOM: 1-stop teleportation journey
 13153 | Lair:3   | Found a staircase to the Snake Pit.
 13275 | Lair:3   | Reached XP level 14. HP: 120/130 MP: 13/13
 13306 | Lair:3   | Remembered your ancestor Natalie as a knight
 13731 | Lair:4   | XOM: god gift: 56 gold pieces
 13752 | Lair:4   | You are sucked into a shaft and drop 1 floor!
 13752 | Lair:5   | Entered Level 5 of the Lair of Beasts
 14021 | Lair:4   | Found a large runed translucent door.
 14021 | Lair:4   | Found a large runed translucent door.
 14043 | Lair:4   | Noticed pokeman's ghost (journeyman DEHW)
 14058 | Lair:4   | Killed pokeman's ghost
 14143 | Lair:4   | Identified 3 scrolls of acquirement
 14154 | Lair:4   | Reached *** piety under Hepliaklqana
 14683 | Lair:5   | Reached skill level 15 in Fighting
 14878 | Lair:5   | Noticed Urug
 14885 | Lair:5   | Killed Urug
 15013 | Lair:5   | Reached XP level 15. HP: 117/141 MP: 14/14
 15144 | Lair:5   | Found a viscous altar of Jiyva.
 15146 | Lair:5   | Found a staircase to the Slime Pits.
 15260 | Lair:5   | XOM: cloud trail
 15544 | D:6      | Killed AwFulAwFulPlayer's ghost
 15549 | D:6      | Killed Unforgiven's ghost
 15550 | D:6      | Reached skill level 15 in Shields
 15551 | D:6      | Killed deremet's ghost
 15558 | D:6      | Killed innerfire43's ghost
 15713 | Shoals:1 | Entered Level 1 of the Shoals
 15830 | Shoals:1 | Reached skill level 5 in Stealth
 16018 | Shoals:1 | Reached **** piety under Hepliaklqana
 16665 | Shoals:2 | XOM: silly message
 17385 | Shoals:3 | XOM: 2-stop teleportation journey
 17456 | Shoals:3 | Noticed Polyphemus
 17476 | Shoals:3 | Killed Polyphemus
 17755 | Shoals:3 | Found a transporter.
 17835 | Shoals:3 | Noticed Ilsuiw
 17993 | Shoals:3 | Reached ***** piety under Hepliaklqana
 18071 | Shoals:3 | Killed Ilsuiw
 18284 | Shoals:3 | Found a transporter.
 18284 | Shoals:3 | Found Leibbih's Armour Shoppe.
 18484 | Shoals:4 | Entered Level 4 of the Shoals
 18576 | Shoals:4 | Reached XP level 16. HP: 149/152 MP: 15/15
 18726 | Shoals:4 | Got a barnacled rune of Zot
 18820 | Shoals:4 | Identified the +2 quarterstaff of Odgher {elec, Int+4}
 18900 | Shoals:4 | Reached skill level 15 in Armour
 19241 | Shoals:4 | XOM: polymorph snapping turtle -> anaconda
 19262 | Shoals:4 | Identified the staff of Accidental Termination {*Slow rElec
                  | rPois Int+5 Dex+3 Poison}
 19928 | Snake:1  | Entered Level 1 of the Snake Pit
 20635 | D:11     | Noticed Pusk's ghost (journeyman GrFi)
 20638 | D:11     | Found a runed translucent door.
 20666 | D:11     | Killed Pusk's ghost
 20727 | D:11     | XOM: polymorph electric eel -> glowing shapeshifter
 20826 | D:11     | XOM: stat loss: -1 Dex (19/20)
 20826 | D:11     | Was forgiven by Xom
 21024 | D:11     | Found a snail-covered altar of Cheibriados.
 21541 | D:12     | Reached ****** piety under Hepliaklqana
 21680 | D:12     | Noticed Nessos
 21698 | D:12     | Killed Nessos
 22662 | D:14     | Reached XP level 17. HP: 145/159 MP: 16/16
 22669 | D:14     | Found a gate to the Vaults.
 22861 | D:14     | Found an opulent altar of Gozag.
 23438 | D:14     | Identified the +0 pair of gloves "Quodeg" {Rampage SInv}
 24534 | Snake:1  | Found Tiyneck's Jewellery Shoppe.
 24626 | Snake:1  | Found a runed translucent gate.
 24627 | Snake:1  | Found a runed translucent gate.
 24628 | Snake:1  | Found a runed translucent gate.
 24631 | Snake:1  | Noticed Qiytos's ghost (adept MiMo)
 26370 | Snake:3  | Reached XP level 18. HP: 161/173 MP: 10/17
 27250 | Snake:4  | Entered Level 4 of the Snake Pit
 28227 | Snake:4  | Found a runed translucent door.
 28944 | Snake:4  | Got a serpentine rune of Zot
 29657 | Slime:1  | Entered Level 1 of the Pits of Slime
 30164 | Vaults:1 | Entered Level 1 of the Vaults
 30781 | Vaults:1 | Reached XP level 19. HP: 149/184 MP: 18/18
 31518 | Vaults:1 | Found Hicuk's Magic Scroll Shop.
 32597 | Vaults:2 | Found a staircase to the Crypt.
 32604 | Crypt:1  | Entered Level 1 of the Crypt
 32661 | Crypt:1  | Paralysed by a vampire knight for 2 turns
 33362 | Crypt:1  | Noticed Donald
 33380 | Crypt:1  | Killed Donald
 33934 | Vaults:2 | Reached XP level 20. HP: 172/195 MP: 19/19
 34528 | Vaults:2 | Identified the +7 orcbow "Zuis" {heavy, Will+}
 34690 | D:15     | Entered Level 15 of the Dungeon
 34846 | D:15     | Noticed Keluf's ghost (journeyman GrFi)
 34864 | D:15     | Found a transporter.
 34870 | D:15     | Found a transporter.
 34985 | D:15     | Noticed Roxanne
 35004 | D:15     | Killed Roxanne
 35260 | D:15     | Found a staircase to the Depths.
 35349 | D:15     | Found a portal to a secret trove of treasure.
 35711 | D:15     | Killed Keluf's ghost
 35741 | D:15     | Identified the +1 great sword "Vezxaine" {spect, rElec
                  | MP+9}
 35822 | Depths:1 | Entered Level 1 of the Depths
 35900 | Depths:1 | Found a gateway to Hell.
 36039 | Depths:1 | Found a radiant altar of Vehumet.
 36450 | Depths:1 | Found a one-way gate to the infinite horrors of the Abyss.
 36512 | Depths:1 | Found Jeopp's Book Shop.
 36655 | Depths:1 | Found a one-way gate leading to the halls of Pandemonium.
 36906 | Elf:1    | Entered Level 1 of the Elven Halls
 36944 | Elf:1    | Found Tonnuigy's General Store.
 36992 | Elf:1    | Identified the +1 buckler of Fun {rPois}
 37391 | Elf:1    | Identified the amulet "Ressuo Ulig" {Reflect -Tele Str+2
                  | SH+5 SInv}
 37993 | Elf:2    | Found a runed translucent gate.
 37994 | Elf:2    | Found a runed translucent gate.
 37994 | Elf:2    | Found a runed translucent gate.
 38662 | Elf:2    | Reached XP level 21. HP: 183/203 MP: 20/20
 38975 | Elf:3    | Entered Level 3 of the Elven Halls
 38990 | Elf:3    | Paralysed by an air elemental for 1 turns
 39306 | Elf:3    | Paralysed by an air elemental for 1 turns
 39319 | Elf:3    | Paralysed by an air elemental for 1 turns
 40008 | Elf:3    | Identified the amulet of Toloikky {Acrobat Drain rC++ rN+
                  | Regen+}
 40026 | Elf:3    | Identified the +9 lajatang of Evolution {pain, *Noise rCorr
                  | Str+3 Stlth+}
 40075 | Elf:3    | Identified the +10 whip of Viuch {elec, Int+2 Stlth+}
 40077 | Elf:3    | Got the Incunabulum of the Foggy Gestalt
 40111 | Elf:3    | Got the Anthology of Poison
 40119 | Elf:3    | Got the Discursus on Attacks
 40833 | Vaults:3 | Paralysed by a formless jellyfish for 1 turns
 40895 | Vaults:3 | Identified the +5 dagger of Execution {heavy, rN+ Str+3}
 41448 | Vaults:3 | Found the +16 obsidian axe {drain, demonic, Mesm Drain Fly
                  | SInv}
 41522 | Vaults:3 | Found Lunoru Kuvu's Jewellery Boutique.
 43064 | Vaults:4 | Reached XP level 22. HP: 220/220 MP: 21/21
 43990 | Vaults:5 | Entered Level 5 of the Vaults
 44207 | Vaults:5 | Identified the +1 ring mail "Xuosik" {Regen+}
 44308 | Vaults:5 | Noticed a dread lich
 44314 | Vaults:5 | Killed a dread lich
 44324 | Vaults:5 | Noticed a golden dragon
 44339 | Vaults:5 | Killed a golden dragon
 44349 | Vaults:5 | Identified the +5 halberd "Minotaur's Bane" {heavy, +Blink}
 44381 | Vaults:5 | Identified the ring of Tyrau {rPois rF++ Int+6 Dex+5}
 44383 | Vaults:5 | Identified the +2 mace "Tiumem" {freeze, rElec rF- rC+++
                  | Int+4}
 44472 | Vaults:5 | Gained mutation: You occasionally lose the ability to read
                  | scrolls when taking damage. [a shining eye]
 44513 | Vaults:5 | Got the Precepts of Bloody Virulence
 44515 | Vaults:5 | Got Jaimou's Compendium of Helpful Glaciation
 44640 | Vaults:5 | Noticed an ancient lich
 44649 | Vaults:5 | Found the crystal ball of Wucad Mu {*channel}
 44653 | Vaults:5 | Killed an ancient lich
 44654 | Vaults:5 | Reached skill level 27 in Shields
 44654 | Vaults:5 | Reached XP level 23. HP: 117/232 MP: 22/22
 44729 | Vaults:5 | Got a silver rune of Zot
 44933 | Vaults:5 | Identified the +1 robe of the Cockroach {rF+}
 45289 | Vaults:5 | Got the Discourse on Bolts
 45527 | Crypt:2  | Found a radiant altar of Vehumet.
 45531 | Crypt:2  | Found a transporter.
 45665 | Crypt:2  | Noticed an ancient lich
 46378 | Depths:2 | Found a one-way gateway to a ziggurat.
 46429 | Depths:2 | You are sucked into a shaft and drop 2 floors!
 46429 | Depths:4 | Entered Level 4 of the Depths
 46637 | Depths:2 | Found a shadowy altar of Dithmenos.
 47103 | Depths:3 | Found a glowing golden altar of the Shining One.
 47103 | Depths:3 | Found a runed translucent door.
 47157 | Depths:3 | Found the +3 hat of Pondering {ponderous, Will+ MP+10
                  | Int+5}
 47451 | Depths:3 | Identified the ring "Iliat" {Will+ Str-3 Int+2 Slay+2 SInv}
 47467 | Depths:3 | Identified the ring "Puyzxy" {Str+3 Int+6 Dex+3 Slay+5
                  | Stlth-}
 47620 | Depths:3 | Got Pytimmeo's Thoughts on the Evil Eye
 47708 | Depths:3 | Reached skill level 27 in Axes
 47775 | Depths:3 | Found Osiuzo's Distillery.
 47775 | Depths:3 | Found Divvudd's Book Shoppe.
 47795 | Depths:3 | Bought a potion of heal wounds for 80 gold pieces
 47795 | Depths:3 | Bought a potion of heal wounds for 80 gold pieces
 47795 | Depths:3 | Bought a potion of curing for 48 gold pieces
 47906 | Depths:3 | Found the +12 glaive of Prune {freeze, Prune}
 47912 | Depths:3 | Identified the staff "Saxzup" {*Corrode rElec rN+ Str+2
                  | Necro}
 48379 | Depths:4 | Found Rasakhon's Jewellery Emporium.
 48380 | Depths:4 | Found Huoleajioph's Book Shop.
 48381 | Depths:4 | Found Qejes's Jewellery Emporium.
 48477 | Depths:4 | Reached XP level 24. HP: 246/246 MP: 22/22
 48767 | Depths:4 | Found a gate to the Realm of Zot.
 49051 | Depths:4 | Reached skill level 27 in Fighting
 49569 | Depths:4 | Acquired 735 gold pieces
 49586 | Hell     | Entered the Vestibule of Hell
 49586 | Hell     | Noticed Geryon
 49603 | Hell     | Killed Geryon
 49615 | Hell     | Noticed Murray
 50597 | Slime:2  | Lost mutation: You are agile. (Dex +4, Str/Int -1) [a
                  | shining eye]
 50600 | Slime:2  | Gained mutation: You are vulnerable to cold. (rC-) [a
                  | shining eye]
 50888 | Slime:3  | Reached skill level 10 in Stealth
 51039 | Slime:3  | Lost mutation: You possess an exceptional clarity of mind.
                  | [a shining eye]
 51042 | Slime:3  | Gained mutation: Your magical capacity is low. (-10% MP) [a
                  | shining eye]
 51615 | Slime:2  | Gained mutation: Your magical capacity is very low. (-20%
                  | MP) [a shining eye]
 52217 | Slime:4  | Gained mutation: You have hidden genetic defects. [a
                  | shining eye]
 52901 | Slime:5  | Entered Level 5 of the Pits of Slime
 52974 | Slime:4  | Upgraded the game from 0.31-a0-182-gc5ef74bbde to
                  | 0.31-a0-187-gba352fbbf7
 53008 | Slime:5  | Noticed the Royal Jelly
 53009 | Slime:5  | Found a viscous altar of Jiyva.
 53041 | Slime:5  | Gained mutation: Your magical capacity is extremely low.
                  | (-30% MP) [a shining eye]
 53232 | Slime:5  | Paralysed by a floating eye for 4 turns
 53289 | Slime:5  | Killed the Royal Jelly
 53312 | Slime:4  | Gained mutation: You are clumsy. (Dex -2) [hidden defects]
 53417 | Slime:5  | HP: 2/249 [azure jelly[the Royal Jelly] (23)]
 53442 | Slime:5  | HP: 10/249 [quicksilver ooze[the Royal Jelly] (3)]
 53442 | Slime:5  | HP: 3/249 [quicksilver ooze[the Royal Jelly] (9)]
 53664 | Slime:5  | Got a slimy rune of Zot
 53686 | Slime:5  | Identified the ring of Ibeabad {Ice Will+ Str+5 Int-4}
 53696 | Slime:5  | Identified the ring "Coodun" {rElec rC+ Dex-2 SInv}
 53708 | Slime:5  | Identified the ring "Fauxeruce" {rPois rCorr Int+6 Dex-4
                  | Stlth-}
 54070 | Slime:5  | Lost mutation: You expend magic power (3 MP) to strengthen
                  | your wands. [potion of mutation]
 54070 | Slime:5  | Lost mutation: You are clumsy. (Dex -2) [potion of
                  | mutation]
 54071 | Slime:5  | Lost mutation: Your magical capacity is extremely low.
                  | (-30% MP) [potion of mutation]
 54071 | Slime:5  | Lost mutation: Your mind is acute. (Int +4, Str/Dex -1)
                  | [potion of mutation]
 54071 | Slime:5  | Lost mutation: You are strong-willed. (Will+) [potion of
                  | mutation]
 54071 | Slime:5  | Lost mutation: Your muscles are strong. (Str +4, Int/Dex
                  | -1) [potion of mutation]
 54071 | Slime:5  | Lost mutation: You have hidden genetic defects. [potion of
                  | mutation]
 54071 | Slime:5  | Gained mutation: Your muscles are strong. (Str +4, Int/Dex
                  | -1) [potion of mutation]
 54738 | Depths:3 | Bought a potion of haste for 160 gold pieces
 54836 | Depths:4 | Acquired a manual of Dodging
 54856 | Zot:1    | Entered Level 1 of the Realm of Zot
 54856 | Zot:1    | Noticed Vv
 54925 | Depths:4 | Killed Vv
 55068 | Zot:1    | Reached XP level 25. HP: 249/257 MP: 17/17
 58385 | Zot:3    | Found a transporter.
 58389 | Zot:3    | Found a transporter.
 58408 | Zot:3    | Found a transporter.
 58423 | Zot:3    | Noticed an orb of fire
 58424 | Zot:3    | Found a transporter.
 58441 | Zot:3    | Found a transporter.
 58586 | Zot:3    | You are sucked into a shaft and drop 1 floor!
 58890 | Zot:4    | Found the +4 dragonskin cloak
 58890 | Zot:4    | Noticed Tiamat
 59012 | Zot:4    | Killed Tiamat
 59357 | Zot:4    | Identified the +2 battleaxe of Distant Worlds {freeze, rC+}
 59832 | Zot:4    | Reached XP level 26. HP: 254/266 MP: 17/17
 60543 | Zot:5    | Entered Level 5 of the Realm of Zot
 60545 | Zot:5    | Acquired 1132 gold pieces
 60549 | Zot:5    | Acquired the +6 broad axe of the Shifting Coward {drain,
                  | rF- Str+3 Int+3 Dex+3}
 61002 | Zot:5    | Reached skill level 10 in Dodging
 61006 | Zot:5    | Noticed an orb of fire
 61010 | Zot:5    | Noticed an orb of fire
 61015 | Zot:5    | Lost mutation: Your muscles are strong. (Str +4, Int/Dex
                  | -1) [an orb of fire]
 61021 | Zot:5    | Lost mutation: You are robust. (+10% HP) [an orb of fire]
 61040 | Zot:5    | Gained mutation: You are frail. (-10% HP) [an orb of fire]
 61151 | Zot:5    | Gained mutation: Your magical capacity is extremely low.
                  | (-30% MP) [an orb of fire]
 61156 | Zot:5    | Gained mutation: Armour fits poorly on your strangely
                  | shaped body. [an orb of fire]
 61161 | Zot:5    | Gained mutation: You are weak. (Str -2) [an orb of fire]
 61284 | Zot:5    | Lost mutation: Armour fits poorly on your strangely shaped
                  | body. [potion of mutation]
 61284 | Zot:5    | Lost mutation: Your magical capacity is extremely low.
                  | (-30% MP) [potion of mutation]
 61284 | Zot:5    | Gained mutation: You are clumsy. (Dex -2) [potion of
                  | mutation]
 61285 | Zot:5    | Lost mutation: You are partially covered in iridescent
                  | scales. (AC +2) [potion of mutation]
 61285 | Zot:5    | Lost mutation: You are vulnerable to cold. (rC-) [potion of
                  | mutation]
 61285 | Zot:5    | Lost mutation: You occasionally lose the ability to read
                  | scrolls when taking damage. [potion of mutation]
 61285 | Zot:5    | Gained mutation: Your movements are slightly less
                  | encumbered by armour. (ER -2) [potion of mutation]
 61369 | Zot:5    | Gained mutation: Your spells are a little easier to cast,
                  | but a little less powerful. [an orb of fire]
 61372 | Zot:5    | Gained mutation: You occasionally lose the ability to read
                  | scrolls when taking damage. [an orb of fire]
 61374 | Zot:5    | Killed an orb of fire
 61468 | Zot:5    | Gained mutation: You sometimes lose your temper in combat.
                  | [an orb of fire]
 61473 | Zot:5    | Gained mutation: You occasionally shout uncontrollably at
                  | your foes. [an orb of fire]
 61475 | Zot:5    | Killed an orb of fire
 61635 | Zot:5    | Reached skill level 15 in Stealth
 61711 | Zot:5    | Noticed an ancient lich
 61719 | Zot:5    | Killed an ancient lich
 61742 | Zot:5    | Noticed an orb of fire
 61814 | Zot:5    | Killed an orb of fire
 61950 | Zot:5    | Reached skill level 27 in Armour
 62016 | Zot:5    | Noticed an orb of fire
 62018 | Zot:5    | Gained mutation: You are very clumsy. (Dex -4) [an orb of
                  | fire]
 62020 | Zot:5    | Gained mutation: You frequently scream uncontrollably at
                  | your foes. [an orb of fire]
 62126 | Zot:5    | Killed an orb of fire
 63026 | Zot:5    | Got the Orb of Zot
 63145 | Zot:3    | Noticed a seraph
 63520 | D:6      | Noticed a seraph
 63675 | D:$      | Escaped with the Orb!

Illustrated notes

Levels and vault maps discovered:
D:1:      dpeg_arrival_brainrot, layout_loops_cross, hangedman_glass_garden,
          nrook_mini_backslash
D:2:      layout_rooms, kennysheep_small_spiral, uniq_crazy_yiuf_cottage
D:3:      cheibrodos_helix_gallery, layout_basic, kennysheep_big_empty_room,
          minmay_circle_x
D:4:      layout_basic, minmay_temple_entry_arrows, uniq_pikel, uniq_menkaure
D:5:      layout_gridville, trog_ov_bears_minmay
D:6:      layout_basic, amcnicky_altar_gilded, kennysheep_mini,
          gammafunk_temple_overflow_claw, gammafunk_ghost_cemetery,
          gup_sewer_entry_bowl
D:7:      layout_basic, mainiacjoe_overflow_large_starburst, tso_oasis_becter,
          overflow_temple_1_default, uniq_duvessa, uniq_maggie
D:8:      layout_gridville, mainiacjoe_overflow_brackets,
          due_lair_maze_entry_diamond, uniq_erica
D:9:      layout_basic, hangedman_ru_absence, elyvilon_altar_4,
          nzn_wu_jian_contemplation, uniq_amaemon, uniq_joseph
D:10:     layout_roguey, zin_treasury, orc_0_dummy, serial_shops,
          nicolae_shop_pleasant_corner_grove, kennysheep_just_a_vault
D:11:     layout_gridville, hellmonk_ghost_happy_afterlife,
          serial_bayou_lagoon_a, kennysheep_slug_shrine
D:12:     layout_long_grid, dreamdust_princess_bridge, uniq_nessos
D:13:     layout_long_grid
D:14:     layout_gridville, grunt_vaults_entry_fortified,
          nicolae_gozag_cash_rules_everything_around_me,
          minmay_checkered_concentric_circles
D:15:     grunt_enter_depths_hoard, layout_basic, gammafunk_ghost_mausoleum,
          nicolae_trove_entry_path_of_doom, minmay_misc_feat_roman,
          minmay_hedge_maze, uniq_roxanne
Temple:   hellmonk_temple_beads
Lair:1:   layout_roguey, grunt_megastairs_3, uniq_nergalle
Lair:2:   layout_roguey, bobbens_dragon_lair_wall, serial_bayou_shore_a
Lair:3:   layout_concentric_octagons, minmay_shoals_entry_hut,
          nicolae_snake_entry_squirm, pdpol_lair_cavern_descent
Lair:4:   layout_gridlike, ebering_ghost_disaster_area, lemuel_another_geyser,
          infiniplex_staircase_pool_2
Lair:5:   grunt_lair_end_beastmaster, layout_misc_corridors,
          minmay_slime_entry_oklob_enclosed, infiniplex_staircase_pool,
          uniq_urug
Shoals:1: layout_shoals
Shoals:2: layout_shoals
Shoals:3: layout_shoals, serial_shops, nicolae_shop_drivethru, uniq_polyphemus,
          uniq_ilsuiw
Shoals:4: shoals_end_simple, layout_shoals, shoal_ilsuiw
Snake:1:  layout_grid_shapes, gammafunk_ghost_necromancy, minmay_shop_star
Snake:2:  layout_honeycomb
Snake:3:  layout_onion
Snake:4:  hellmonk_snake_rune_quicksilver_temple, layout_cave_town,
          lightli_airlock
Slime:1:  layout_caves, cheibrodos_slime_lost_civilization_5
Slime:2:  layout_caves
Slime:3:  layout_caves, nicolae_slime_round_cave
Slime:4:  layout_caves
Slime:5
Orc:1:    layout_caves, mines1_david
Orc:2:    grunt_orc_community_town_hall, layout_diamond_mine,
          grunt_orc_community_big_house_2, grunt_orc_community_big_house_1,
          grunt_orc_community_house_3, grunt_orc_community_house_1,
          grunt_orc_community_house_3, grunt_orc_community_house_1,
          biasface_ghost_orc_armoury, gauntlet_entry_generic
Elf:1:    minmay_elf_arrival_plus, layout_gridlike, serial_shops, shop,
          hangedman_elven_crosses_minicolossus, lemuel_upstairs_altar
Elf:2:    nicolae_elf_blades_crystal_corner, layout_loops_corners
Elf:3:    minmay_elf_hall_statues, layout_loops_corners, serial_aquarium,
          aquarium_bridge_long_joined [aquarium_subvault_balcony,
          aquarium_subvault_wall, aquarium_subvault_bridge,
          aquarium_subvault_window, aquarium_subvault_bridge,
          aquarium_subvault_bridge], aquarium_window_fake, aquarium_window_3,
          aquarium_view_2b, aquarium_view_2b, aquarium_pool_2,
          dreamdust_wishing_well
Vaults:1: v_pattern_3, nicolae_vaults_double_plus_3,
          vaults_room_mumra_shop_pool, ontoclasm_vaults_ring_large,
          nicolae_vaults_alarming, ontoclasm_vaults_fault,
          nicolae_vaults_rhombus_5, nicolae_vaults_steering_wheel, v_misc_29,
          nicolae_vaults_trapezoid_3, vaults_mumra_hex,
          layout_vaults_chaotic_city
Vaults:2: minmay_crypt_entry_skeletal_spiral, vaults_mumra_minichess,
          vaults_standard_mumra_lines, nicolae_vaults_mini_display_case,
          nicolae_vaults_tetromino_Z_2, nicolae_vaults_corpse_flower,
          nicolae_vaults_trapezoid_3, nicolae_vaults_closet_pinwheel_5,
          ontoclasm_vaults_pinch, nicolae_vaults_more_shelving_1,
          vaults_dpeg_emergency_exit, layout_vaults_omnicross
Vaults:3: nicolae_vaults_sightless_eye, nicolae_vaults_doubleplus_tesselated,
          nicolae_vaults_surprise_closet, hangedman_vaults_corner, st_star,
          nicolae_vaults_trapezoid_1, nicolae_vaults_weapon_check,
          hangedman_vaults_pinch, nicolae_vaults_tetromino_Z_2,
          ontoclasm_vaults_misaligned, nicolae_vaults_house_2,
          layout_vaults_ring, serial_shops, nicolae_shop_hallway_plus
Vaults:4: v_rooms_2, vaults_standard_mumra_enter_the_diamond,
          nicolae_vaults_octothorpe, v_misc_24, nicolae_vaults_tetromino_Z_2,
          v_pattern_4, nicolae_vaults_double_plus_2, v_misc_10, v_misc_14,
          nicolae_vaults_angled_halls, vaults_room_grunt_arrival_checkpoint,
          nicolae_vaults_network_quinsquares
          [nicolae_vaults_network_quincunx_subvault,
          nicolae_vaults_network_quincunx_subvault,
          nicolae_vaults_network_quincunx_subvault,
          nicolae_vaults_network_quincunx_subvault],
          ontoclasm_vaults_decontamination, nicolae_vaults_house_1,
          nicolae_vaults_tetromino_L_1, layout_vaults_quadrants, serial_shops
Vaults:5: uniq_margery
Crypt:1:  layout_basic, serial_sigils_hangedman_writhe, minivault_14,
          lemuel_nasty_fountain, uniq_donald
Crypt:2:  gammafunk_sealed_library, layout_rooms
Depths:1: layout_cave_pools, serial_shops, shop, hell_entry,
          hangedman_abyss_entry_splay, pan_entry, minmay_variable_closet,
          minivault_16, nicolae_vehumet_altar_sigil
Depths:2: hangedman_cross_stitches, layout_gridlike, enter_ziggurat_b,
          rand_demon_pan_entry_4, grunt_dithmenos_smoke, hell_entry,
          infiniplex_staircase_zigzag_4
Depths:3: minmay_the_grid_3x2 [minmay_the_grid_x, minmay_the_grid_spin_star,
          minmay_the_grid_dragon_a, minmay_the_grid_diamond_grid,
          minmay_the_grid_tri_star, minmay_the_grid_prize_big_room],
          layout_cave_shapes, hell_entry, abyss_entry, nicolae_wooded_promenade,
          lemuel_angel_altar, serial_bayou_shore_b
Depths:4: grunt_zot_entry_pinwheel, layout_gridlike, abyss_entry,
          grunt_mini_vestibule, minmay_shop_grove
Hell
Zot:1:    layout_onion_interference, st_stairs_13, st_small_dragon_hoard_1,
          uniq_vv
Zot:2:    minmay_elemental_castle, layout_basic
Zot:3:    gammafunk_the_bubble [the_bubble_gammafunk_roulette], layout_onion
Zot:4:    layout_concentric_octagons, uniq_tiamat
Zot:5:    layout_twisted_circle

Skill      XL: |  1  2  3  4  5  6  7  8  9 10 11 12 13 14 15 16 17 18 19 20 21 22 23 24 25 26 |
---------------+-------------------------------------------------------------------------------+-----
Fighting       | 4 5 6 7 9 10 12 13 15 16 17 18 19 20 22 23 24 26 27 | 27.0
Axes           | 4 5 6 7 8 9 11 12 14 16 17 18 19 20 21 22 23 24 25 27 | 27.0
Shields        | 1 3 5 6 7 9 11 13 14 16 18 20 22 23 24 26 27 | 27.0
Dodging        | 2 3 4 5 6 7 9 12 | 12.4
Armour         | 3 4 5 6 8 9 11 12 13 14 15 16 17 18 19 20 22 25 27 | 27.0
Stealth        | 1 2 3 4 5 6 7 8 11 14 16 | 16.7
Throwing       | 1 2 3 4 |  4.8
Evocations     | 1 2 |  2.5
Unarmed Combat | |  0.2

Action                     |  1- 3 |  4- 6 |  7- 9 | 10-12 | 13-15 | 16-18 | 19-21 | 22-24 | 25-27 || total
---------------------------+-------+-------+-------+-------+-------+-------+-------+-------+-------++-------
  Melee: Hand axe          |    80 |    82 |   210 |   298 |       |       |       |       |       ||   670
         Headbutt          |     8 |    19 |    62 |   150 |   270 |   419 |   498 |   399 |   314 ||  2139
         War axe           |       |       |       |   473 |   931 |  1414 |  1434 |   412 |   508 ||  5172
         Unarmed           |       |       |       |       |       |     3 |       |       |       ||     3
         Broad axe         |       |       |       |       |       |       |    88 |   753 |   333 ||  1174
  Throw: Dart              |       |     5 |     3 |     5 |       |     2 |       |       |     3 ||    18
         Boomerang         |       |       |     2 |     6 |       |       |       |       |       ||     8
         Javelin           |       |       |       |       |       |       |       |       |     3 ||     3
 Invoke: Renounce Religion |       |       |       |     1 |       |       |       |       |       ||     1
         Ancestor Identity |       |       |       |       |     1 |       |       |       |       ||     1
         Ancestor Life: Kn |       |       |       |       |     1 |       |       |       |       ||     1
         Recall Ancestor   |       |       |       |       |     1 |     4 |     1 |     5 |    10 ||    21
  Evoke: Wand              |       |       |     1 |     2 |    15 |       |       |       |     3 ||    21
    Use: Scroll            |       |       |     1 |    10 |    12 |    12 |     2 |    22 |    19 ||    78
         Potion            |       |       |       |    12 |       |     4 |     1 |    11 |     7 ||    35
   Stab: Paralysed         |     2 |       |     5 |       |       |       |       |       |       ||     7
         Sleeping          |       |     1 |       |       |       |       |       |       |       ||     1
         Distracted        |       |       |       |     1 |    10 |    16 |    17 |    36 |    33 ||   113
         Invisible         |       |       |       |     8 |       |       |       |       |       ||     8
         Confused          |       |       |       |     1 |       |       |       |       |       ||     1
 Armour: Leather armour    |    36 |     8 |       |       |       |       |       |       |       ||    44
         Scale mail        |       |    30 |    39 |       |       |       |       |       |       ||    69
         Chain mail        |       |       |    24 |       |       |       |       |       |       ||    24
         Plate armour      |       |       |    29 |   387 |   425 |   448 |   281 |   297 |   295 ||  2162
  Dodge: Dodged            |    46 |    28 |    73 |   225 |   264 |   259 |   175 |   233 |   276 ||  1579
  Block: Kite shield       |    24 |    36 |    82 |   393 |   161 |       |       |       |       ||   696
         Tower shield      |       |       |       |       |   616 |  1310 |  1051 |  1018 |   839 ||  4834

Table legend: (Time is in decaauts)
 A = Elapsed time spent in this place.
 B = Non-inter-level travel time spent in this place.
 C = Inter-level travel time spent in this place.
 D = Time resting spent in this place.
 E = Time spent auto-exploring this place.
 F = Levels seen in this place.
 G = Mean time per level.
                   A        B        C        D        E       F      G
               +--------+--------+--------+--------+--------+-----+--------+
         Total |  63327 |  56154 |   7173 |   9030 |  28557 |  58 | 1091.8 |
       Dungeon |  14156 |  11476 |   2680 |    606 |   7266 |  15 |  943.7 |
        Temple |    112 |    101 |     11 |      0 |     91 |   1 |  112.0 |
          Lair |   5599 |   4421 |   1178 |    545 |   2730 |   5 | 1119.8 |
        Shoals |   4049 |   3855 |    194 |    524 |   2261 |   4 | 1012.2 |
     Snake Pit |   5428 |   5115 |    313 |   1020 |   3020 |   4 | 1357.0 |
    Slime Pits |   4212 |   4127 |     85 |    895 |   1293 |   5 |  842.4 |
  Orcish Mines |   2443 |   2065 |    378 |    155 |   1082 |   2 | 1221.5 |
   Elven Halls |   3838 |   3366 |    472 |    630 |   2085 |   3 | 1279.3 |
        Vaults |   7710 |   6583 |   1127 |    786 |   4081 |   5 | 1542.0 |
         Crypt |   1504 |   1339 |    165 |    121 |    765 |   2 |  752.0 |
        Depths |   5343 |   5012 |    331 |   1336 |   2502 |   4 | 1335.8 |
          Hell |     33 |     33 |      0 |      0 |      0 |   1 |   33.0 |
           Zot |   8185 |   7951 |    234 |   2279 |   1378 |   5 | 1637.0 |
         Abyss |     25 |     25 |      0 |      0 |      0 |   1 |   25.0 |
      Gauntlet |    683 |    683 |      0 |    132 |      0 |   1 |  683.0 |
               +--------+--------+--------+--------+--------+-----+--------+

Top non-repeatable levels by time:
   Zot:4: 2343 daAuts
   Zot:5: 2164 daAuts
Vaults:1: 2154 daAuts
Depths:4: 2010 daAuts
Vaults:2: 1767 daAuts
   Zot:2: 1739 daAuts
   Elf:3: 1699 daAuts
 Snake:3: 1654 daAuts
 Snake:4: 1539 daAuts
   Orc:2: 1527 daAuts
     D:8: 1404 daAuts
Depths:3: 1382 daAuts
Vaults:4: 1361 daAuts
    D:15: 1341 daAuts
    D:14: 1256 daAuts
